[Event "France Jeunes Belfort 2017"]
[Site "Belfort"]
[Date "2017.04.18"]
[Round "4.4"]
[White "Guerin, Juliette"]
[Black "Chachiachvili, Mariam"]
[Result "1/2-1/2"]
[ECO "C44"]
[WhiteElo "1945"]
[BlackElo "1694"]
[PlyCount "105"]
[EventDate "2017.??.??"]
[TimeControl "6000+1280"]
[WhiteClock "0:01:08"]
[BlackClock "0:05:54"]

1. e4 e5 2. Nf3 Nc6 3. d4 exd4 4. Nxd4 Nf6 5. Nxc6 bxc6 6. Qe2 Bc5 7. e5 Nd5 8.
c4 Nb6 9. Qg4 Rg8 10. Qe4 Qe7 11. Bd3 Bb7 12. O-O O-O-O 13. a3 Qe6 14. b4 Be7
15. c5 Nd5 16. Bd2 d6 17. cxd6 cxd6 18. exd6 Qxe4 19. Bxe4 Bxd6 20. Nc3 Nxc3
21. Bxc3 Rde8 22. Bxh7 Bxh2+ 23. Kh1 Rh8 24. Bf5+ Kc7 25. Bxg7 Be5+ 26. Bxh8
Rxh8+ 27. Kg1 Bh2+ 28. Kh1 Be5+ 29. Bh3 Bxa1 30. Rxa1 Bc8 31. Kh2 Be6 32. Kg3
Bd5 33. f3 Re8 34. Kf2 Bc4 35. f4 Re2+ 36. Kf3 Rd2 37. Ke3 Rc2 38. Kd4 Bd5 39.
Kd3 Rb2 40. Kd4 Bxg2 41. Bxg2 Rxg2 42. Ke5 Rg6 43. f5 Rd6 44. f6 Kd7 45. Ra2
Rd5+ 46. Ke4 Ke6 47. Rf2 Re5+ 48. Kd4 Rf5 49. Rc2 Kd6 50. Rc3 Rxf6 51. Rc5 Re6
52. Ra5 Re7 53. Rf5 1/2-1/2

[Event "France Jeunes Belfort 2017"]
[Site "Belfort"]
[Date "2017.04.18"]
[Round "4.4"]
[White "Romas, Lionia"]
[Black "Donias, Orlane"]
[Result "1/2-1/2"]
[ECO "C51"]
[WhiteElo "1655"]
[BlackElo "1729"]
[PlyCount "89"]
[EventDate "2017.??.??"]
[TimeControl "6000+890"]
[WhiteClock "0:04:18"]
[BlackClock "0:11:04"]

1. e4 e5 2. Nf3 Nc6 3. Bc4 Bc5 4. b4 Bxb4 5. c3 Be7 6. d4 Na5 7. Bd3 exd4 8.
O-O d6 9. cxd4 Nc6 10. Bb2 Nf6 11. Qc2 Bd7 12. a3 h6 13. Re1 O-O 14. e5 Nd5 15.
Nc3 Be6 16. Nxd5 Bxd5 17. Re3 Bxf3 18. Rxf3 dxe5 19. dxe5 Nd4 20. Bxd4 Qxd4 21.
Rd1 Qxe5 22. Rf5 Qe6 23. Bc4 Qc6 24. Qb3 Bf6 25. Rb5 Rab8 26. Bd5 Qc3 27. Qxc3
Bxc3 28. Rxb7 Rxb7 29. Bxb7 Re8 30. Kf1 c5 31. f3 Bd4 32. a4 Re7 33. Ba6 g6 34.
Re1 Kf8 35. Rxe7 Kxe7 36. Ke2 Kd6 37. Bc4 f6 38. Bf7 g5 39. Bc4 h5 40. Kd3 Ke5
41. h3 h4 42. Bb5 Kf4 43. Ke2 Kg3 44. Kf1 Kf4 45. Ke2 1/2-1/2

[Event "France Jeunes Belfort 2017"]
[Site "Belfort"]
[Date "2017.04.18"]
[Round "4.4"]
[White "Thomas, Amaryllis"]
[Black "Geronne, Lou Andrea"]
[Result "1-0"]
[ECO "C45"]
[WhiteElo "1695"]
[BlackElo "1312"]
[PlyCount "105"]
[EventDate "2017.??.??"]
[TimeControl "6000+585"]
[WhiteClock "0:13:45"]
[BlackClock "0:03:31"]

1. e4 e5 2. Nf3 Nc6 3. d4 exd4 4. Nxd4 Nf6 5. Nxc6 bxc6 6. e5 Nd5 7. c4 Nb6 8.
Bd3 Be7 9. O-O d6 10. Re1 Be6 11. Qc2 Nd7 12. exd6 Bxd6 13. Bf5 Qf6 14. Qe4 Qe5
15. f4 Qxe4 16. Bxe4 O-O 17. Bxc6 Rad8 18. b3 Nf6 19. Ba3 Bxa3 20. Nxa3 a6 21.
Rad1 Nh5 22. g3 Bg4 23. Rd5 Nf6 24. Ra5 Rd2 25. Nb1 Rd6 26. Bg2 Rfd8 27. Nc3
Be6 28. Ne4 Nxe4 29. Bxe4 h6 30. Bb7 Bc8 31. Bd5 Be6 32. Bxe6 fxe6 33. Kf2 Kf7
34. Kf3 Ra8 35. b4 Rd4 36. Rc1 Rd2 37. h3 Rdd8 38. Re1 Kf6 39. Rc5 Rd7 40. Rc6
Re7 41. Re5 Rb8 42. a3 Rb6 43. Rec5 Rd7 44. Ke4 Re7 45. Rxc7 Rxc7 46. Rxc7 Rb8
47. g4 Ra8 48. h4 g5 49. fxg5+ hxg5 50. h5 Rb8 51. Ra7 Rb6 52. c5 Rc6 53. h6
1-0

[Event "France Jeunes Belfort 2017"]
[Site "Belfort"]
[Date "2017.04.18"]
[Round "4.5"]
[White "Lever, Erwan"]
[Black "Auvray, Honorine"]
[Result "1/2-1/2"]
[ECO "A04"]
[WhiteElo "2129"]
[BlackElo "1953"]
[PlyCount "67"]
[EventDate "2017.??.??"]
[TimeControl "6000+1235"]
[WhiteClock "0:05:24"]
[BlackClock "0:08:13"]

1. Nf3 g6 2. g3 Bg7 3. Bg2 e5 4. d3 Ne7 5. O-O d6 6. e4 O-O 7. c3 Nd7 8. Nbd2
h6 9. a4 f5 10. Nc4 fxe4 11. dxe4 Nc5 12. Qe2 Be6 13. b4 Nxa4 14. Rxa4 b5 15.
Nxd6 cxd6 16. Qxb5 Bd7 17. Qc4+ d5 18. exd5 Bxa4 19. d6+ Kh7 20. dxe7 Qxe7 21.
Qa6 Qd7 22. Qe2 Rae8 23. Qe3 Bc6 24. h4 Qb7 25. Ne1 Bxg2 26. Nxg2 Rf3 27. Qe1
e4 28. Be3 Qc7 29. Nf4 Be5 30. Qd2 Bxc3 31. Rc1 Qxf4 32. Rxc3 Qe5 33. Rc5 Qg7
34. Bf4 1/2-1/2

[Event "France Jeunes Belfort 2017"]
[Site "Belfort"]
[Date "2017.04.18"]
[Round "4.6"]
[White "Daeschler, Florian"]
[Black "Simon, Antoine"]
[Result "1-0"]
[ECO "A39"]
[WhiteElo "2124"]
[BlackElo "1947"]
[PlyCount "104"]
[EventDate "2017.??.??"]
[TimeControl "6000+1835"]
[WhiteClock "0:08:14"]
[BlackClock "0:00:58"]

1. Nf3 Nf6 2. g3 c5 3. Bg2 g6 4. O-O Bg7 5. c4 O-O 6. Nc3 Nc6 7. d4 cxd4 8.
Nxd4 Nxd4 9. Qxd4 d6 10. Bg5 h6 11. Bxf6 Bxf6 12. Qe3 Bxc3 13. Qxc3 Qc7 14.
Rac1 Be6 15. Qe3 Kh7 16. Rfd1 Qb6 17. Qd2 Rac8 18. b3 Rc5 19. Qe3 Rfc8 20. Rb1
Qc7 21. Rd4 Re5 22. Qd2 Kg7 23. Qb2 Kf8 24. Rh4 f6 25. Rxh6 Kg7 26. Rh4 g5 27.
Re4 b6 28. Rxe5 dxe5 29. Rd1 Rd8 30. Rxd8 Qxd8 31. Qc2 Qd4 32. h3 Bf7 33. e3
Qd7 34. b4 Bg6 35. Be4 f5 36. Bd3 e4 37. Bf1 f4 38. Qc3+ Kh7 39. Qe5 fxe3 40.
fxe3 Bf5 41. g4 Bg6 42. Qxg5 Qd6 43. c5 Qg3+ 44. Bg2 Qe1+ 45. Kh2 Qxb4 46.
Qxe7+ Kh6 47. Qh4+ Kg7 48. cxb6 axb6 49. Qg3 Qc4 50. h4 b5 51. h5 Bh7 52. Qe5+
Kf7 1-0

[Event "France Jeunes Belfort 2017"]
[Site "Belfort"]
[Date "2017.04.19"]
[Round "5.1"]
[White "Amr-Tardif, Corail"]
[Black "Nguyen, Thao Nhi"]
[Result "0-1"]
[ECO "B02"]
[WhiteElo "1474"]
[BlackElo "1691"]
[PlyCount "86"]
[EventDate "2017.??.??"]
[TimeControl "6000+1485"]
[WhiteClock "0:05:06"]
[BlackClock "0:09:10"]

1. e4 Nf6 2. Nc3 d5 3. exd5 Nxd5 4. Bc4 Nb6 5. Bb3 Bf5 6. Qf3 Qc8 7. Nd5 e6 8.
Ne3 Bg6 9. h4 h6 10. h5 Bh7 11. Ne2 Nc6 12. d4 Na5 13. Bd2 Nxb3 14. axb3 c6 15.
O-O Bd6 16. Qg4 O-O 17. c4 Nd7 18. c5 Nf6 19. Qf3 Ne4 20. Nc4 Bc7 21. Nc3 Nf6
22. Bxh6 Qd8 23. Be3 Bf5 24. Ne5 Nd7 25. Nxd7 Qxd7 26. b4 Qe7 27. Bf4 Rfd8 28.
Rfd1 b6 29. Rd2 bxc5 30. bxc5 e5 31. Be3 Bh7 32. Rad1 e4 33. Qg4 Re8 34. h6 Bg6
35. hxg7 Kxg7 36. f4 exf3 37. gxf3 Qxe3+ 38. Kf1 Rh8 39. Qg2 Rh2 40. Qg1 Qxf3+
41. Rf2 Qh3+ 42. Ke2 Re8+ 43. Kd2 Qe3# 0-1

[Event "France Jeunes Belfort 2017"]
[Site "Belfort"]
[Date "2017.04.19"]
[Round "5.1"]
[White "Belluire, Beatrice"]
[Black "Rollot, Florence"]
[Result "0-1"]
[ECO "B51"]
[WhiteElo "1786"]
[BlackElo "1973"]
[PlyCount "62"]
[EventDate "2017.??.??"]
[TimeControl "6000+1020"]
[WhiteClock "0:00:42"]
[BlackClock "0:16:29"]

1. e4 c5 2. Nf3 d6 3. Bb5+ Nd7 4. d4 Ngf6 5. Nc3 cxd4 6. Qxd4 a6 7. Bxd7+ Bxd7
8. O-O e5 9. Qd3 Be7 10. h3 O-O 11. Be3 Rc8 12. a4 Be6 13. Rfe1 h6 14. a5 Qd7
15. Nd2 Qc6 16. Rac1 Bd8 17. Ra1 d5 18. exd5 Nxd5 19. Ndb1 Nb4 20. Qe2 Bf5 21.
Rc1 Qg6 22. Na3 Bxa5 23. Nc4 Bc7 24. Bc5 Nxc2 25. Bxf8 Nxa1 26. Rxa1 Rxf8 27.
Nxe5 Bxe5 28. Qxe5 Rd8 29. Nd5 Qe6 30. Ne7+ Kh8 31. Nxf5 Qxe5 0-1

[Event "France Jeunes Belfort 2017"]
[Site "Belfort"]
[Date "2017.04.19"]
[Round "5.1"]
[White "Burri, Quentin"]
[Black "Bergougnoux, Axel"]
[Result "0-1"]
[ECO "C64"]
[WhiteElo "2372"]
[BlackElo "2194"]
[PlyCount "120"]
[EventDate "2017.??.??"]
[TimeControl "6000+1200"]
[WhiteClock "0:12:17"]
[BlackClock "0:01:57"]

1. e4 e5 2. Nf3 Nc6 3. Bb5 Bc5 4. O-O Nd4 5. b4 Bxb4 6. Nxd4 exd4 7. Bb2 Bc5 8.
c3 Ne7 9. cxd4 Bb6 10. d5 O-O 11. d6 Ng6 12. Qg4 cxd6 13. Bc4 Ne5 14. Qg3 Qf6
15. Bd5 Nf3+ 16. Qxf3 Qxb2 17. Nc3 Qxd2 18. Rad1 Qg5 19. Na4 Bd8 20. Qa3 Qf6
21. Nb2 a5 22. Nc4 Bc7 23. f4 Ra6 24. e5 dxe5 25. fxe5 Qg5 26. Qxf8+ Kxf8 27.
Rxf7+ Ke8 28. Rdf1 Rf6 29. exf6 Qxd5 30. Rxg7 Qd4+ 31. Kh1 Kf8 32. Rxh7 Qd3 33.
Rh8+ Kf7 34. Ne3 Bb6 35. Rd1 Qxe3 36. Rxc8 Kxf6 37. Rc2 Bc5 38. Rcc1 d5 39.
Rf1+ Kg7 40. Rfe1 Qf2 41. Rf1 Qe2 42. Rfe1 Qb5 43. Re5 Qd3 44. Ree1 b6 45. Rf1
Qd2 46. Rcd1 Qe2 47. Rde1 Qc4 48. Rf3 Bd6 49. Ref1 d4 50. Rf5 Qe6 51. h3 d3 52.
Rg5+ Kh6 53. Rg4 Be7 54. Rd4 Qe3 55. Rd7 d2 56. Kh2 Qe5+ 57. Kh1 Bd6 58. Kg1
Qh2+ 59. Kf2 Qf4+ 60. Ke2 Qxf1+ 0-1

[Event "France Jeunes Belfort 2017"]
[Site "Belfort"]
[Date "2017.04.19"]
[Round "5.1"]
[White "Degraeve, Remy"]
[Black "Bacrot, Alexandre"]
[Result "1-0"]
[ECO "D00"]
[WhiteElo "2126"]
[BlackElo "2143"]
[PlyCount "75"]
[EventDate "2017.??.??"]
[TimeControl "6000+1380"]
[WhiteClock "0:01:58"]
[BlackClock "0:01:05"]

1. d4 d5 2. Bf4 Nf6 3. e3 e6 4. Nf3 Be7 5. Nbd2 O-O 6. h3 Nbd7 7. Bd3 b6 8. Ne5
Bb7 9. O-O c5 10. c3 Nxe5 11. dxe5 Ne4 12. Nf3 h5 13. Nh2 h4 14. Qg4 c4 15.
Bxe4 dxe4 16. Bh6 g6 17. Bxf8 Qxf8 18. Qe2 Bd5 19. Ng4 Qg7 20. b3 Rc8 21. Qd2
a5 22. Rab1 b5 23. Rfc1 Kh8 24. bxc4 Bxc4 25. a4 Rd8 26. Qb2 bxa4 27. Qb6 Qf8
28. Qxa5 a3 29. Rb7 a2 30. Nf6 Rb8 31. Qb6 Ra8 32. Ra7 Rb8 33. Qd4 Rb1 34. Qd1
Qb8 35. Rxe7 Rxc1 36. Qxc1 Qb1 37. Rxf7 Qxc1+ 38. Kh2 1-0

[Event "France Jeunes Belfort 2017"]
[Site "Belfort"]
[Date "2017.04.19"]
[Round "5.1"]
[White "Eugene, Floryan"]
[Black "Philippe, Guillaume"]
[Result "0-1"]
[ECO "B41"]
[WhiteElo "2271"]
[BlackElo "2307"]
[PlyCount "152"]
[EventDate "2017.??.??"]
[TimeControl "6000+1135"]
[WhiteClock "0:00:33"]
[BlackClock "0:09:55"]

1. e4 c5 2. Nf3 e6 3. d4 cxd4 4. Nxd4 a6 5. c4 Nf6 6. Nc3 Qc7 7. a3 b6 8. Be3
Bb7 9. f3 Be7 10. Be2 d6 11. Rc1 Nbd7 12. O-O O-O 13. Qe1 Rfe8 14. Qf2 Rac8 15.
Rfd1 Qb8 16. b4 Bd8 17. Kh1 Bc7 18. Qg1 Rcd8 19. Rd2 d5 20. cxd5 exd5 21. Nxd5
Nxd5 22. exd5 Nf6 23. Nc6 Bxc6 24. Rxc6 Rxd5 25. Bc4 Bxh2 26. Qxh2 Rh5 27.
Bxf7+ Kxf7 28. Rxf6+ Kxf6 29. Qxh5 Rxe3 30. Qh4+ Kg6 31. f4 h6 32. f5+ Kh7 33.
f6 Qe5 34. Rd1 Re4 35. Qh3 Qxf6 36. Qd3 Qg6 37. Qf3 b5 38. Rd5 Rg4 39. Kh2 Rh4+
40. Kg1 Rc4 41. Kh2 Rc2 42. Kh1 Ra2 43. Rc5 Ra1+ 44. Kh2 Qd6+ 45. g3 Ra2+ 46.
Kh3 Qe6+ 47. g4 Qg6 48. Rc6 Rxa3 49. Qxa3 Qxc6 50. Qd3+ Kg8 51. Qd8+ Kf7 52.
Qd4 Qc4 53. Qa7+ Kg8 54. Qxa6 Qxb4 55. Qe6+ Kf8 56. Qc8+ Ke7 57. Qc7+ Kf6 58.
Qc6+ Ke5 59. Qc7+ Kd5 60. Qf7+ Kc5 61. Qxg7 Qf4 62. Qe7+ Kc4 63. Qe2+ Kb4 64.
Qe1+ Kb3 65. Qd1+ Kc3 66. Qa1+ Kc4 67. Qa2+ Kc5 68. Qc2+ Kb6 69. Qd3 b4 70.
Qd8+ Kc5 71. Qa5+ Kc4 72. Qa2+ Kc3 73. Qa1+ Kd2 74. Qb2+ Kd1 75. Qb1+ Ke2 76.
Qa1 Qf1+ 0-1

[Event "France Jeunes Belfort 2017"]
[Site "Belfort"]
[Date "2017.04.19"]
[Round "5.1"]
[White "Kambrath, Yannick"]
[Black "Viennot, Dylan"]
[Result "1/2-1/2"]
[ECO "A13"]
[WhiteElo "2341"]
[BlackElo "2263"]
[PlyCount "124"]
[EventDate "2017.??.??"]
[TimeControl "6000+805"]
[WhiteClock "0:01:55"]
[BlackClock "0:01:26"]

1. c4 e6 2. Nf3 d5 3. b3 d4 4. e3 c5 5. g3 Nc6 6. exd4 cxd4 7. Bg2 Bd6 8. O-O
Nge7 9. d3 e5 10. Na3 f6 11. Nc2 a6 12. Nd2 O-O 13. Ne4 Bf5 14. f4 Bxe4 15.
Bxe4 exf4 16. gxf4 f5 17. Bg2 Qc7 18. b4 Ng6 19. Qd2 Rad8 20. Rb1 Nh4 21. Bd5+
Kh8 22. Qf2 Be7 23. Nxd4 Nxd4 24. Qxd4 Rf6 25. Bb2 Rg6+ 26. Kh1 Bxb4 27. Qf2
Rxd5 28. cxd5 Qa5 29. Qd4 h6 30. Rbc1 Be7 31. Rf2 Bf6 32. Qc5 Qa4 33. Bxf6 Rxf6
34. d6 Kh7 35. Rg1 Qd7 36. Qc7 Rxd6 37. Qxd7 Rxd7 38. Rd1 Rd4 39. Rc2 b5 40.
Rf2 Kg6 41. Kg1 Kf6 42. Rc2 Rxf4 43. Rc6+ Ke5 44. Rxa6 Rb4 45. Ra3 Rb2 46. d4+
Kd5 47. Rb3 Rxb3 48. axb3 f4 49. Kf2 Nf5 50. Kf3 g5 51. Rd2 b4 52. Kg4 Nxd4 53.
h4 Ke4 54. hxg5 hxg5 55. Rd1 Ke3 56. Re1+ Kd2 57. Re5 f3 58. Kg3 Kc3 59. Rxg5
Kxb3 60. Rc5 Ne6 61. Rb5 Nd4 62. Rc5 Ne6 1/2-1/2

[Event "France Jeunes Belfort 2017"]
[Site "Belfort"]
[Date "2017.04.19"]
[Round "5.1"]
[White "Nguyen-Cadoret, Nathan"]
[Black "Candelot, Clement"]
[Result "0-1"]
[ECO "D08"]
[WhiteElo "1930"]
[BlackElo "1839"]
[PlyCount "68"]
[EventDate "2017.??.??"]
[TimeControl "6000+1105"]
[WhiteClock "0:00:41"]
[BlackClock "0:03:35"]

1. d4 d5 2. c4 e5 3. dxe5 d4 4. Nf3 Nc6 5. a3 Nge7 6. g3 Ng6 7. Bg2 Ngxe5 8.
Nxe5 Nxe5 9. O-O Be7 10. Nd2 O-O 11. b4 Re8 12. Bb2 c6 13. Rc1 Be6 14. h3 Qd7
15. Kh2 a5 16. f4 Ng6 17. Nb3 axb4 18. axb4 Bxb4 19. Nxd4 f5 20. e4 Bc5 21.
Nxe6 Qxe6 22. Qc2 Ne7 23. Rfe1 Qf7 24. e5 Nc8 25. Qc3 Qe6 26. Bf3 Nb6 27. g4
Na4 28. Qc2 Qh6 29. g5 Qh4 30. Qxf5 Nxb2 31. Re2 Be3 32. Rcc2 Bxf4+ 33. Kg1
Qg3+ 34. Bg2 Ra1+ 0-1

[Event "France Jeunes Belfort 2017"]
[Site "Belfort"]
[Date "2017.04.19"]
[Round "5.1"]
[White "Retailleau, Elise"]
[Black "Leriche, Ines"]
[Result "1-0"]
[ECO "B38"]
[WhiteElo "1946"]
[BlackElo "2037"]
[PlyCount "73"]
[EventDate "2017.??.??"]
[TimeControl "6000+2635"]
[WhiteClock "0:21:29"]
[BlackClock "0:00:36"]

1. e4 c5 2. Nf3 g6 3. d4 cxd4 4. Nxd4 Nc6 5. c4 Bg7 6. Be3 Nf6 7. Nc3 O-O 8.
Be2 d6 9. O-O Nxd4 10. Bxd4 Bd7 11. Qd2 Bc6 12. f3 a5 13. b3 Nd7 14. Be3 Nc5
15. Rac1 e6 16. Rfd1 Be5 17. Bf1 Qe7 18. Nb5 b6 19. Bg5 f6 20. Be3 Bxb5 21.
cxb5 g5 22. g3 Qg7 23. Qg2 Rad8 24. Rc2 f5 25. f4 Bf6 26. exf5 exf5 27. Qd5+
Kh8 28. Qxf5 Bd4 29. Bxd4 Rxf5 30. Bxg7+ Kxg7 31. fxg5 Rxg5 32. Bc4 h5 33. Rf2
h4 34. Rf7+ Kg6 35. Rdf1 Nd7 36. Bd3+ Kh6 37. Rh7# 1-0

[Event "France Jeunes Belfort 2017"]
[Site "Belfort"]
[Date "2017.04.19"]
[Round "5.1"]
[White "Thomas, Amaryllis"]
[Black "Aubert, Estee"]
[Result "0-1"]
[ECO "B40"]
[WhiteElo "1695"]
[BlackElo "1741"]
[PlyCount "80"]
[EventDate "2017.??.??"]
[TimeControl "6000+1430"]
[WhiteClock "0:01:16"]
[BlackClock "0:10:50"]

1. e4 c5 2. Nf3 e6 3. d4 cxd4 4. Nxd4 Nf6 5. Nc3 Nc6 6. Be2 Bb4 7. Bf3 d5 8.
Nxc6 bxc6 9. e5 Nd7 10. Qd4 Bc5 11. Qf4 Qc7 12. Na4 Be7 13. O-O Qxe5 14. Qg4
Bd6 15. g3 h5 16. Qh4 Be7 17. Qh3 Qf6 18. Qg2 Ba6 19. Re1 Ne5 20. Bd1 Ng4 21.
Rb1 Bb4 22. c3 Bd6 23. Bc2 g5 24. Be3 Nxe3 25. Rxe3 g4 26. Rd1 Kd7 27. b3 h4
28. c4 Rh5 29. c5 Bc7 30. Nb2 Qxb2 31. f4 Rah8 32. f5 Qf6 33. Be4 Qh6 34. Ree1
hxg3 35. Bxd5 cxd5 36. Rxd5+ exd5 37. Qxd5+ Kc8 38. Qa8+ Bb8 39. Re6 gxh2+ 40.
Kh1 Qc1+ 0-1

[Event "France Jeunes Belfort 2017"]
[Site "Belfort"]
[Date "2017.04.19"]
[Round "5.2"]
[White "Bellahcene, Anissa"]
[Black "Afraoui, Anaelle"]
[Result "0-1"]
[ECO "B22"]
[WhiteElo "1806"]
[BlackElo "1977"]
[PlyCount "64"]
[EventDate "2017.??.??"]
[TimeControl "6000+750"]
[WhiteClock "0:08:17"]
[BlackClock "0:15:26"]

1. e4 c5 2. c3 Nf6 3. e5 Nd5 4. d4 cxd4 5. Qxd4 Nb6 6. Bd3 Nc6 7. Qe4 g6 8. Qe2
Bg7 9. f4 d6 10. exd6 Qxd6 11. Nf3 O-O 12. O-O Rd8 13. Bc2 Be6 14. Na3 Rac8 15.
Ng5 Bd5 16. Bb3 Bxb3 17. axb3 Qd3 18. Qg4 Nd5 19. Rd1 Ne3 20. Bxe3 Qxe3+ 21.
Kh1 Qf2 22. Nc4 b5 23. Na5 Nxa5 24. Rxa5 Rxd1+ 25. Qxd1 Qxb2 26. Rxa7 Rxc3 27.
Ra8+ Bf8 28. Rxf8+ Kxf8 29. Qd8+ Kg7 30. Ne6+ Kh6 31. Qf8+ Kh5 32. Ng7+ Kg4 0-1

[Event "France Jeunes Belfort 2017"]
[Site "Belfort"]
[Date "2017.04.19"]
[Round "5.2"]
[White "Conti, Anne-Marie"]
[Black "Georges, Lisa"]
[Result "1-0"]
[ECO "A57"]
[WhiteElo "1712"]
[BlackElo "1704"]
[PlyCount "35"]
[EventDate "2017.??.??"]
[TimeControl "6000+1065"]
[WhiteClock "0:25:36"]
[BlackClock "0:22:12"]

1. d4 Nf6 2. c4 c5 3. d5 b5 4. Nf3 e6 5. e3 exd5 6. cxd5 a6 7. Bd3 Qe7 8. O-O
g6 9. e4 d6 10. e5 dxe5 11. Nxe5 Qd6 12. Re1 Be7 13. Bh6 Nxd5 14. Be4 Bb7 15.
Nc3 Qxe5 16. Bxd5 Qf6 17. Bxb7 Ra7 18. Nd5 1-0

[Event "France Jeunes Belfort 2017"]
[Site "Belfort"]
[Date "2017.04.19"]
[Round "5.2"]
[White "Maache, Jawad"]
[Black "Zachary, Matheo"]
[Result "0-1"]
[ECO "D32"]
[WhiteElo "2119"]
[BlackElo "2267"]
[PlyCount "54"]
[EventDate "2017.??.??"]
[TimeControl "6000+1370"]
[WhiteClock "0:00:34"]
[BlackClock "0:55:00"]

1. d4 d5 2. c4 e6 3. Nc3 c5 4. cxd5 cxd4 5. Qxd4 Nc6 6. Qd1 exd5 7. Qxd5 Bd7 8.
a3 Nf6 9. Qd1 Bc5 10. e3 Qe7 11. Nf3 O-O-O 12. Bd2 Kb8 13. Be2 g5 14. O-O g4
15. Ne1 Ne5 16. b4 Bb6 17. Qc2 Bc7 18. Rd1 Rhg8 19. e4 Nf3+ 20. Nxf3 gxf3 21.
Bxf3 Ng4 22. Bxg4 Bxg4 23. Nd5 Rxd5 24. exd5 Bxh2+ 25. Kxh2 Qh4+ 26. Kg1 Bf3
27. Bf4+ Qxf4 0-1

[Event "France Jeunes Belfort 2017"]
[Site "Belfort"]
[Date "2017.04.19"]
[Round "5.2"]
[White "Marcellier, Lucie"]
[Black "Sumarriva Paulin, Laura"]
[Result "0-1"]
[ECO "D00"]
[WhiteElo "1557"]
[BlackElo "1521"]
[PlyCount "66"]
[EventDate "2017.??.??"]
[TimeControl "6000+725"]
[WhiteClock "0:07:01"]
[BlackClock "0:08:19"]

1. d4 d5 2. Bg5 Nf6 3. Bxf6 exf6 4. e3 c6 5. Nf3 Bg4 6. Be2 Bd6 7. c4 dxc4 8.
Bxc4 O-O 9. Nc3 Nd7 10. O-O Nb6 11. Bd3 Re8 12. h3 Be6 13. Ne4 Bf8 14. Ng3 Qc7
15. Nh4 g6 16. Ne4 Bg7 17. Nf3 Rad8 18. Nh2 Bd5 19. Ng3 Qd6 20. h4 c5 21. dxc5
Qxc5 22. Rc1 Qd6 23. a3 Bxg2 24. Bxg6 Bxf1 25. Bxf7+ Kxf7 26. Qh5+ Kg8 27. Rxf1
Qd5 28. Qg4 Kh8 29. Nf5 Qf7 30. Kh1 Rg8 31. Qh3 Bf8 32. Ng4 Qd5+ 33. Kh2 Qxf5
0-1

[Event "France Jeunes Belfort 2017"]
[Site "Belfort"]
[Date "2017.04.19"]
[Round "5.2"]
[White "Mazzella, Enzo"]
[Black "Travadon, Loic"]
[Result "0-1"]
[ECO "A45"]
[WhiteElo "2111"]
[BlackElo "2348"]
[PlyCount "108"]
[EventDate "2017.??.??"]
[TimeControl "6000+1495"]
[WhiteClock "0:01:09"]
[BlackClock "0:08:39"]

1. d4 Nf6 2. Bf4 g6 3. Nc3 d6 4. e4 c6 5. Qd2 b5 6. Bd3 Bg7 7. Bh6 Bxh6 8. Qxh6
e5 9. dxe5 dxe5 10. Nf3 Nbd7 11. O-O Qe7 12. a4 b4 13. Nb1 a5 14. Nbd2 Rg8 15.
Qe3 Ng4 16. Qe2 Kf8 17. h3 Ngf6 18. Nc4 Kg7 19. Rfd1 Ba6 20. Nfxe5 Nxe5 21.
Nxe5 Qxe5 22. Bxa6 Rae8 23. b3 Nxe4 24. Bd3 Qf4 25. Bxe4 Rxe4 26. Qd2 Qe5 27.
Kf1 Re8 28. Re1 Kf6 29. Red1 Re6 30. g3 Re2 31. Qd3 Qc5 32. Qf3+ Kg7 33. Rd7
Rxf2+ 34. Qxf2 Rf6 35. Qxf6+ Kxf6 36. Rd2 Qc3 37. Rf2+ Kg7 38. Rd1 Qxg3 39. Rd3
Qe5 40. Rd7 Qe6 41. Rd3 h5 42. Re2 Qf5+ 43. Rf2 Qe4 44. Rdf3 f5 45. Rd3 Kh6 46.
Rg2 h4 47. Kg1 Kh5 48. Rd8 Qe1+ 49. Kh2 Qe5+ 50. Kh1 g5 51. Rd1 g4 52. hxg4+
fxg4 53. Rd3 Qe4 54. Kg1 Qe1+ 0-1

[Event "France Jeunes Belfort 2017"]
[Site "Belfort"]
[Date "2017.04.19"]
[Round "5.2"]
[White "Meillon, Judicael"]
[Black "Popov, Konstantin"]
[Result "1/2-1/2"]
[ECO "B23"]
[WhiteElo "1884"]
[BlackElo "2026"]
[PlyCount "115"]
[EventDate "2017.??.??"]
[TimeControl "6000+650"]
[WhiteClock "0:26:12"]
[BlackClock "0:17:31"]

1. e4 c5 2. Nc3 d6 3. Nf3 Nc6 4. d4 cxd4 5. Nxd4 Nxd4 6. Qxd4 a6 7. Bc4 e5 8.
Qd3 Be7 9. Be3 Nf6 10. f3 O-O 11. O-O-O Be6 12. Nd5 Bxd5 13. Bxd5 Qc7 14. g4
Rac8 15. Rd2 Nxd5 16. Qxd5 Qc4 17. Qxc4 Rxc4 18. Rhd1 g6 19. b3 Rc6 20. f4 exf4
21. Bxf4 Re8 22. Re2 Bf8 23. Rd4 b5 24. Kd2 Rec8 25. Kd1 Re8 26. Kd2 Re6 27. e5
dxe5 28. Rxe5 Rxe5 29. Bxe5 f6 30. Bf4 b4 31. Rd7 Re6 32. Kd3 Rc6 33. Rc7 Rxc7
34. Bxc7 Kf7 35. Kc4 f5 36. gxf5 gxf5 37. c3 bxc3 38. Kxc3 Ke6 39. Kd4 Bg7+ 40.
Ke3 Bf6 41. Kf3 Bg5 42. Bf4 Be7 43. Bc7 Bc5 44. h3 Kf6 45. Bf4 Kg6 46. Be3 Bb4
47. Bc1 Be7 48. Bb2 Bd6 49. Bc1 Kf6 50. Bf4 Bb4 51. Ke2 Ke6 52. Kd3 Kd5 53. Ke3
Be7 54. Bh6 Kc5 55. Kf4 Kb4 56. Kxf5 Ka3 57. Ke6 Bb4 58. Kd5 1/2-1/2

[Event "France Jeunes Belfort 2017"]
[Site "Belfort"]
[Date "2017.04.19"]
[Round "5.2"]
[White "Midy, Robin"]
[Black "Kieffer, Anatole"]
[Result "1-0"]
[ECO "A45"]
[WhiteElo "2137"]
[BlackElo "2263"]
[PlyCount "75"]
[EventDate "2017.??.??"]
[TimeControl "6000+985"]
[WhiteClock "0:02:42"]
[BlackClock "0:14:30"]

1. d4 Nf6 2. Bg5 e6 3. Nd2 c5 4. e3 d5 5. c3 Be7 6. Bd3 Nbd7 7. f4 O-O 8. Ngf3
b6 9. Ne5 Nxe5 10. fxe5 Ne4 11. Bxe7 Qxe7 12. Bxe4 dxe4 13. O-O Bb7 14. Qg4
cxd4 15. exd4 Kh8 16. Nxe4 f5 17. Qg5 Qxg5 18. Nxg5 Bd5 19. Nh3 a5 20. Rfc1
Rfe8 21. Nf4 Bc6 22. h4 b5 23. Rd1 g6 24. Rac1 a4 25. c4 bxc4 26. Rxc4 Be4 27.
Rc7 Rab8 28. Ra7 Rxb2 29. Rc1 Rb1 30. Rxb1 Bxb1 31. Rxa4 Kg8 32. Ra7 Be4 33. a4
Kh8 34. a5 Kg8 35. a6 Bc2 36. Rd7 Ra8 37. a7 Bb3 38. Rb7 1-0

[Event "France Jeunes Belfort 2017"]
[Site "Belfort"]
[Date "2017.04.19"]
[Round "5.2"]
[White "Rubsamen, Anais"]
[Black "Yuan, Beline"]
[Result "1-0"]
[ECO "A12"]
[WhiteElo "1610"]
[BlackElo "1845"]
[PlyCount "131"]
[EventDate "2017.??.??"]
[TimeControl "6000+1060"]
[WhiteClock "0:05:33"]
[BlackClock "0:02:44"]

1. Nf3 d5 2. c4 c6 3. b3 g6 4. Bb2 Nf6 5. d4 Bg7 6. Nc3 O-O 7. g3 Nbd7 8. Bg2
Nb6 9. c5 Nbd7 10. O-O b6 11. b4 Rb8 12. Rb1 Qc7 13. Re1 Rd8 14. Qa4 e5 15.
Nxe5 Nxe5 16. dxe5 Nd7 17. cxb6 Nxb6 18. Qc2 Nc4 19. e4 d4 20. Ne2 Nxb2 21.
Qxb2 c5 22. Qd2 d3 23. Nc3 Qxe5 24. Nd5 c4 25. Rbc1 Ba6 26. a4 Rbc8 27. Nc3 Bb7
28. Red1 Qe7 29. Rb1 Re8 30. Re1 Qc7 31. Nb5 Qb6 32. Nc3 Bd4 33. a5 Qf6 34.
Rbc1 Qe7 35. Nb5 Bf6 36. Nxa7 Ra8 37. Nb5 Ba6 38. e5 Bg5 39. f4 Bxb5 40. Bxa8
Rxa8 41. fxg5 Re8 42. Ra1 Rc8 43. Rac1 Kg7 44. h4 c3 45. Rxc3 Qxb4 46. Rec1
Qd4+ 47. Kh2 Rxc3 48. Rxc3 Qxe5 49. Rb3 Ba6 50. Qb2 Qxb2+ 51. Rxb2 Kf8 52. Kg2
Ke7 53. Kf3 Kd7 54. Ke3 Kc7 55. Rb6 Bc4 56. Rf6 Kb7 57. Rf4 Bb5 58. Rxf7+ Ka6
59. Rxh7 Kxa5 60. Rc7 Kb6 61. Rg7 Kc5 62. Rxg6 Kd5 63. Rg8 Ke5 64. h5 Bc4 65.
Rg7 Kf5 66. h6 1-0